 Dungeon Crawl Stone Soup version 0.31.0-32-g396128a36d (webtiles) character file.

Game seed: 13243656107731150493

94756 Fairytaker the Severer (level 16, -61/104 HPs)
             Began as a Gargoyle Fighter on Apr 19, 2024.
             Was the Champion of Okawaru.
             Annihilated by a titanic slime creature (82 damage)
             ... on level 12 of the Dungeon.
             The game lasted 01:17:54 (21689 turns).

Fairytaker the Severer (Gargoyle Fighter)          Turns: 21689, Time: 01:17:54

Health: -61/104    AC: 38    Str: 26    XL:     16   Next: 12%
Magic:  24/24      EV:  6    Int: 11    God:    Okawaru [******]
Gold:   1362       SH: 24    Dex: 16    Spells: 15/15 levels left

rFire   . . .        k - +2 broad axe (freeze)
rCold   + + .        c - +2 tower shield {rC+}
rNeg    + . .        a - +2 plate armour of Daib {Regen+ Slay+2}
rPois   ∞            R - +0 helmet
rElec   +            Y - +1 cloak {rC+}
rCorr   .            x - +0 pair of gloves
SInv    .            n - +1 pair of boots {Fly}
Will    ++...        K - amulet of Xoeceaq {Reflect ^Contam rElec Dex+7 Slay+2 SH+5} Stlth
                     e - +4 ring of slaying
HPRegen 1.17/turn    p - ring of willpower
MPRegen 0.19/turn

%: reflection
@: flying, studying Throwing
A: sickness immunity, AC +12, big wings, negative energy resistance 1,
electricity resistance, torment resistance 1, petrification resistance
a: Renounce Religion, Heroism, Finesse, Duel


You were on level 12 of the Dungeon.
You worshipped Okawaru.
Okawaru was exalted by your worship.
You visited 4 branches of the dungeon, and saw 20 of its levels.
You visited the Abyss 1 time.
You also visited: Ossuary and Ice Cave.

You collected 2165 gold pieces.
You spent 803 gold pieces at shops.

Inventory:

Hand Weapons
 k - a +2 broad axe of freezing (weapon)
 S - a +1 scimitar of flaming
Missiles
 b - 9 javelins
 g - 20 boomerangs (quivered)
 t - 3 silver javelins
 M - 7 curare-tipped darts
 O - 2 throwing nets
 T - 13 atropa-tipped darts
Armour
 a - the +2 plate armour of Daib (worn) {Regen+ Slay+2}
   (Okawaru gifted it to you on level 5 of the Lair of Beasts)

   Slay+2:    It affects your accuracy & damage with ranged weapons and melee
   (+2).
   Regen+:    It increases your rate of health regeneration.
 c - a +2 tower shield of cold resistance (worn)
 n - a +1 pair of boots of flying (worn)
 x - a +0 pair of gloves (worn)
 R - a +0 helmet (worn)
 Y - a +1 cloak of cold resistance (worn)
Jewellery
 e - a +4 ring of slaying (left hand)
 h - a +6 ring of strength
 m - a ring of positive energy
 p - a ring of willpower (right hand)
 A - a ring of fire
 K - the amulet of Xoeceaq (around neck) {Reflect ^Contam rElec Dex+7 Slay+2 SH+5}
   (You found it on level 7 of the Dungeon)

   [amulet of reflection]

   Reflect:   It reflects blocked missile attacks.
   Dex+7:     It affects your dexterity (+7).
   Slay+2:    It affects your accuracy & damage with ranged weapons and melee
   (+2).
   rElec:     It insulates you from electricity.
   ^Contam:   It causes magical contamination when unequipped.
   SH+5:      It affects your SH (+5).
 L - the ring of Uhatoet {Fly rC++ rCorr MP+9}
   (You found it on level 7 of the Dungeon)

   [ring of magical power]

   rC++:      It greatly protects you from cold.
   MP+9:      It affects your magic capacity (+9).
   Fly:       It grants you flight.
   rCorr:     It protects you from acid and corrosion.
 P - a ring of fire
Wands
 s - a wand of digging (5)
 v - a wand of mindburst (5)
 w - a wand of quicksilver (13)
 F - a wand of paralysis (8)
 U - a wand of roots (8)
 Z - a wand of polymorph (6)
Scrolls
 f - 8 scrolls of teleportation
 i - 2 scrolls of identify
 l - 4 scrolls of revelation
 u - a scroll of vulnerability
 y - 4 scrolls of blinking
 z - a scroll of brand weapon
 E - 2 scrolls of poison
 J - 3 scrolls of fog
 N - 4 scrolls of fear
Potions
 d - 4 potions of might
 j - 13 potions of curing
 o - 4 potions of mutation
 q - 5 potions of heal wounds
 r - a potion of enlightenment
 B - 5 potions of haste
 D - 3 potions of resistance
 G - 2 potions of cancellation
 H - 2 potions of ambrosia
 Q - 4 potions of attraction
 V - 2 potions of lignification
 W - 2 potions of brilliance
 X - 2 potions of magic
Miscellaneous
 C - a lightning rod (4/4)


   Skills:
 + Level 13.4 Fighting
 * Level 15.1 Axes
 + Level 11.4 Throwing
 + Level 13.1 Armour
 + Level 10.1 Shields
 + Level 11.7 Invocations


You had 15 spell levels left.
You didn't know any spells.
Your spell library contained the following spells:

 Spells                   Type           Power      Damage    Failure   Level
 Magic Dart               Conj           0%         1d3       100%        1
 Sandblast                Erth           0%         2d4       100%        1
 Slow                     Hex            0%         N/A       100%        1
 Blink                    Tloc           0%         N/A       100%        2
 Lesser Beckoning         Tloc           0%         N/A       100%        2
 Momentum Strike          Conj/Tloc      0%         3d8       100%        2
 Scorch                   Fire           0%         2d5       100%        2
 Confusing Touch          Hex            0%         N/A       100%        3
 Fugue of the Fallen      Necr           0%         N/A       100%        3
 Hailstorm                Conj/Ice       0%         3d5       100%        3
 Passwall                 Erth           0%         N/A       100%        3
 Sigil of Binding         Hex            0%         N/A       100%        3
 Stone Arrow              Conj/Erth      0%         3d7       100%        3
 Vampiric Draining        Necr           0%         2d6       100%        3
 Anguish                  Hex/Necr       0%         N/A       100%        4
 Brom's Barrelling Bould  Conj/Erth      0%         2d3       100%        4
 Flame Wave               Conj/Fire      0%         2d4       100%        4
 Borgnjor's Revivificati  Necr           0%         N/A       100%        8
 Lehudib's Crystal Spear  Conj/Erth      0%         10d2      100%        8
 Call Imp                 Summ           Unusable   N/A       N/A         2
 Summon Ice Beast         Ice/Summ       Unusable   N/A       N/A         3
 Animate Armour           Summ/Erth      Unusable   N/A       N/A         4
 Martyr's Knell           Necr/Summ      Unusable   N/A       N/A         4
 Sculpt Simulacrum        Ice/Alch       Unusable   N/A       N/A         6
 Summon Cactus Giant      Summ           Unusable   N/A       N/A         6

Dungeon Overview and Level Annotations

Branches:
Dungeon (12/15)            Temple (1/1) D:4            Lair (5/5) D:11
  Swamp (0/4) Lair:3        Snake (0/4) Lair:3        Slime (0/5) Lair:5
    Orc (2/2) D:10            Elf (0/3) Orc:2       Ossuary (visited)
  IceCv (visited)

Altars:
Ashenzari
Cheibriados
Dithmenos
Elyvilon
Fedhas
Gozag
Hepliaklqana
Kikubaaqudgha
Makhleb
Nemelex Xobeh
Okawaru
Qazlal
Ru
Sif Muna
Trog
Uskayaw
Vehumet
Wu Jian
Xom
Yredelemnul
Zin
The Shining One

Shops:
D:4 !   D:9 (   D:12 [   Orc:2 =:!=:

Annotations:
Lair:4 exclusion: door


Innate Abilities, Weirdness & Mutations

You are immune to sickness and miasma.
Your stone body is resilient. (AC +12)
You are immune to poison.
Your large and strong wings let you fly.
You resist negative energy. (rN+)
You are resistant to electric shocks. (rElec)
You are resistant to unholy torment.
You are immune to petrification.


Message History

Two slime creatures merge to form an enormous slime creature.
Two slime creatures merge to form a titanic slime creature.
The titanic slime creature attacks as it pursues you!
You block the titanic slime creature's attack.
A slime creature comes into view.
The titanic slime creature attacks as it pursues you!
You block the titanic slime creature's attack.
The titanic slime creature attacks as it pursues you!
You block the titanic slime creature's attack.
The titanic slime creature attacks as it pursues you!
The titanic slime creature hits you but does no damage.
Things that are here:
a +0 dagger; a +3 leather armour The titanic slime creature attacks as it pursues you!
You block the titanic slime creature's attack.
The titanic slime creature attacks as it pursues you!
You block the titanic slime creature's attack.
The titanic slime creature attacks as it pursues you!
You block the titanic slime creature's attack.
The titanic slime creature attacks as it pursues you!
You block the titanic slime creature's attack.
The titanic slime creature attacks as it pursues you!
You block the titanic slime creature's attack.
The titanic slime creature attacks as it pursues you!
You block the titanic slime creature's attack.
The titanic slime creature attacks as it pursues you!
The titanic slime creature hits you!!
The titanic slime creature attacks as it pursues you!
You block the titanic slime creature's attack.
The titanic slime creature attacks as it pursues you!
The titanic slime creature hits you!!
The titanic slime creature attacks as it pursues you!
You block the titanic slime creature's attack.
The titanic slime creature attacks as it pursues you!
The titanic slime creature hits you!!!
* * * LOW HITPOINT WARNING * * *
The titanic slime creature attacks as it pursues you!
The titanic slime creature hits you!!!!
Ouch! That really hurt!
You die...

......#........# .....#....####
......#........########.......#
......#...............).......#
#######...............))......#
...... .......................#
################J.............#
.........(.....#..............#
.....(..(#.....#J.............#
..#####..#..#..#@.............#
...# #..#..#..#......######..#
...## #..#..#..#......#....#..#
#...###.(#..#..#..#####....#..#
#.....#..#..#..#..#........#..#
##.......#..#..#..#........#..#
.###.....#..#..#..#........#..#
...####..#..#..#.##........#..#
....'.####..#..#.#.........#..#


You could see a titanic slime creature and a slime creature.

Vanquished Creatures
  A tentacled starspawn (Abyss:1)
  Kirke (Lair:3)
  4 dire elephants (Lair:5)
  A minotaur (Lair:4)
  3 hydras
  A great orb of eyes (D:9)
  2 ironbound frosthearts (IceCv)
  3 boulder beetles
  A centaur warrior (D:12)
  4 two-headed ogres
  Erica (D:9)
  4 orc high priests
  12 death yaks
  Nergalle (D:10)
  Sonja (Orc:1)
  Amaemon (D:9)
  2 skysharks
  A spectral anaconda (Lair:5)
  An obsidian statue (Lair:5)
  3 deep elf pyromancers
  4 orc sorcerers (Orc:2)
  4 necromancers (Lair:5)
  6 orc knights
  3 ugly things
  2 manticores
  Maurice (D:9)
  7 cyclopes
  An ice statue (IceCv)
  9 black mambas
  24 elephants
  A dire elephant zombie (Lair:5)
  2 kobold blastminers (Orc:2)
  4 gargoyles
  15 cane toads
  An orange demon (D:9)
  An unseen horror (D:8)
  4 rime drakes
  Maggie (D:10)
  A dire elephant skeleton (Lair:5)
  8 komodo dragons
  An efreet (D:9)
  8 trolls
  13 polar bears
  13 blink frogs
  3 vampires
  4 slime creatures (D:10)
  4 wyverns
  2 shadows (D:12)
  4 hogs (Lair:3)
  5 basilisks
  69 yaks
  4 wraiths
  4 wargs
  A human (Lair:3)
  8 vampire mosquitoes
  Menkaure (D:7)
  A swamp worm (Lair:3)
  4 acid dragons
  7 water moccasins
  2 nagas (Lair:3)
  23 orc warriors
  4 ice beasts
  2 sky beasts (D:7)
  A black bear (D:4)
  2 ogres (Orc:1)
  16 wolves
  3 centaurs
  2 elephant skeletons (Lair:5)
  2 kobold brigands
  A phantom (D:4)
  An elf zombie (Ossuary)
  A gnoll sergeant (D:6)
  14 bullfrogs
  A scorpion (D:5)
  11 wights
  10 killer bees
  An elephant simulacrum (Lair:5)
  4 electric eels
  2 howler monkeys
  A centaur zombie (Ossuary)
  3 gnoll boudas
  3 hounds
  7 jellies
  3 human zombies (Ossuary)
  18 orc priests
  Jessica (D:2)
  8 iguanas
  A sleepcap (D:7)
  27 orc wizards
  5 hell rats (Lair:1)
  2 mummies (Ossuary)
  3 hound zombies (Ossuary)
  21 gnolls
  9 adders
  A shadow imp (D:5)
  A white imp (D:6)
  4 ufetubi (D:7)
  3 adder zombies (Ossuary)
  4 dart slugs
  6 ribbon worms
  87 orcs
  9 bats
  7 endoplasms
  6 giant cockroaches
  A goblin (D:2)
  3 hobgoblins
  6 jackals
  11 kobolds
  5 quokkas
  4 ball pythons
  A frilled lizard (D:3)
  9 gnoll zombies (Ossuary)
  4 jackal zombies (Ossuary)
  8 kobold zombies (Ossuary)
  4 orc zombies (Ossuary)
  9 rats
  A starspawn tentacle (Abyss:1)
712 creatures vanquished.

Vanquished Creatures (others)
  A wyvern (shapeshifter) (D:9)
  2 orc wizards (Orc:2)
  A starspawn tentacle (Abyss:1)
4 creatures vanquished.

Grand Total: 716 creatures vanquished

Notes
Turn   | Place    | Note
-------+----------+-------------------------------------------
     0 | D:1      | Fairytaker the Gargoyle Fighter began the quest for the
                  | Orb.
     0 | D:1      | Reached XP level 1. HP: 14/14 MP: 1/1
    45 | D:1      | Reached skill level 2 in Axes
   149 | D:1      | Reached XP level 2. HP: 19/19 MP: 2/2
   217 | D:1      | Found a faded altar of an unknown god.
   528 | D:2      | Reached XP level 3. HP: 19/23 MP: 3/3
   695 | D:2      | Noticed Jessica
   702 | D:2      | Killed Jessica
   703 | D:2      | Reached XP level 4. HP: 21/29 MP: 4/4
   761 | D:2      | Reached skill level 3 in Axes
  1183 | D:3      | Reached XP level 5. HP: 33/33 MP: 5/5
  1716 | D:3      | Found a sparkling altar of Nemelex Xobeh.
  1904 | D:4      | Found Sugisoul's Distillery.
  1908 | D:4      | Reached XP level 6. HP: 39/39 MP: 6/6
  1910 | D:4      | Bought a potion of haste for 110 gold pieces
  1968 | D:4      | Found an ornate altar of the Wu Jian Council.
  1984 | D:4      | You are sucked into a shaft and drop 2 floors!
  1989 | D:5      | Entered Level 5 of the Dungeon
  2061 | D:5      | Reached skill level 4 in Axes
  2353 | D:5      | Reached XP level 7. HP: 24/44 MP: 7/7
  2552 | D:5      | Reached skill level 5 in Armour
  2628 | D:5      | Reached skill level 5 in Fighting
  2640 | D:4      | Reached skill level 5 in Shields
  2704 | D:4      | Identified the +2 leather armour of Lypneanu {rC++ Str+5
                  | Int-3}
  2757 | D:4      | Found a hazy altar of Hepliaklqana.
  2822 | D:4      | Found a staircase to the Ecumenical Temple.
  2825 | D:4      | Reached skill level 5 in Axes
  2843 | Temple   | Entered the Ecumenical Temple
  2860 | Temple   | Became a worshipper of Warmaster Okawaru
  2957 | D:4      | Reached XP level 8. HP: 49/49 MP: 8/8
  3759 | D:6      | Found a white marble altar of Elyvilon.
  3898 | D:6      | Reached * piety under Okawaru
  3899 | D:6      | Reached skill level 6 in Axes
  3973 | D:6      | Found a radiant altar of Vehumet.
  4023 | D:6      | Reached skill level 1 in Invocations
  4276 | D:7      | Noticed Menkaure
  4287 | D:7      | Killed Menkaure
  4288 | D:7      | Reached XP level 9. HP: 31/56 MP: 10/10
  4313 | D:7      | Found a sand-covered staircase.
  4351 | Ossuary  | Entered an ossuary
  4614 | Ossuary  | Reached skill level 7 in Axes
  4711 | D:7      | Reached ** piety under Okawaru
  4935 | D:7      | Identified the +8 dagger "Wessoxia" {vamp, rN+ Will++ Str-5
                  | Dex+4}
  5251 | D:7      | Identified the +7 quarterstaff of the Forgotten Allies
                  | {freeze, *Noise Will+ Stlth+}
  5253 | D:7      | Noticed a boulder beetle
  5264 | D:7      | Killed a boulder beetle
  5264 | D:7      | Reached *** piety under Okawaru
  5265 | D:7      | Reached skill level 8 in Axes
  5265 | D:7      | Reached XP level 10. HP: 48/63 MP: 11/13
  5473 | D:7      | Identified the +6 halberd of Diet Blood {drain, rC+ Dex-2
                  | Stlth+}
  5479 | D:7      | Noticed a gargoyle
  5489 | D:7      | Killed a gargoyle
  5489 | D:7      | Reached **** piety under Okawaru
  5490 | D:7      | Reached skill level 5 in Invocations
  5546 | D:7      | Noticed a manticore
  5560 | D:7      | Killed a manticore
  5645 | D:7      | Identified the staff of Grandeur {Fly rElec Str+4 Int-5
                  | SInv Air}
  5654 | D:7      | Noticed a gargoyle
  5657 | D:7      | Killed a gargoyle
  5658 | D:7      | Reached skill level 9 in Axes
  5671 | D:7      | Identified the amulet of Xoeceaq {Reflect ^Contam rElec
                  | Dex+7 Slay+2 SH+5}
  5671 | D:7      | Identified the ring of Uhatoet {Fly rC++ rCorr MP+9}
  5933 | D:8      | Killed an unseen horror
  6171 | D:8      | Reached skill level 1 in Throwing
  6330 | D:8      | Reached ***** piety under Okawaru
  6595 | D:8      | Received a gift from Okawaru
  6608 | D:8      | Reached XP level 11. HP: 69/69 MP: 15/15
  7019 | D:9      | Found Asioluh's Weapon Shop.
  7083 | D:9      | Noticed Amaemon
  7096 | D:9      | Killed Amaemon
  7101 | D:9      | Reached skill level 10 in Axes
  7218 | D:9      | Noticed Maurice
  7219 | D:9      | Found a transporter.
  7229 | D:9      | Something stole a lightning rod (4/4)
  7237 | D:9      | Something stole the ring of Uhatoet {Fly rC++ rCorr MP+9}
  7239 | D:9      | Killed Maurice
  7282 | D:9      | Noticed Erica
  7297 | D:9      | Killed Erica
  7404 | D:9      | Noticed a deep elf pyromancer
  7407 | D:9      | Noticed a harpy
  7409 | D:9      | Noticed a great orb of eyes
  7413 | D:9      | a harpy changed into a troll
  7414 | D:9      | Found a transporter.
  7773 | D:4      | Bought a potion of brilliance for 44 gold pieces
  7773 | D:4      | Bought 2 potions of heal wounds for 110 gold pieces
  7773 | D:4      | Bought a potion of magic for 88 gold pieces
  7844 | D:10     | Entered Level 10 of the Dungeon
  7903 | D:10     | Noticed a two-headed ogre
  7912 | D:10     | Killed a two-headed ogre
  8107 | D:10     | Found a staircase to the Orcish Mines.
  8190 | D:10     | Noticed Nergalle
  8190 | D:10     | Noticed Maggie
  8205 | D:10     | Killed Nergalle
  8210 | D:10     | Killed Maggie
  8310 | D:10     | Found a shimmering blue altar of Sif Muna.
  9213 | D:11     | Noticed a cyclops
  9219 | D:11     | Killed a cyclops
  9220 | D:11     | Reached XP level 12. HP: 76/77 MP: 14/17
  9363 | D:11     | Found a shadowy altar of Dithmenos.
  9377 | D:11     | Reached skill level 11 in Axes
  9386 | D:11     | Identified the +6 flail of Karma {drain, ^Drain Fly rF++
                  | Stlth+}
  9403 | D:11     | Found a frozen archway.
  9415 | D:11     | Received a gift from Okawaru
  9428 | IceCv    | Entered an ice cave
  9490 | IceCv    | Reached skill level 10 in Fighting
  9650 | IceCv    | Reached skill level 10 in Armour
  9827 | IceCv    | Noticed a death yak
  9836 | IceCv    | Killed a death yak
  9837 | IceCv    | Reached skill level 5 in Throwing
  9838 | IceCv    | Received a gift from Okawaru
 10120 | IceCv    | Noticed an ironbound frostheart
 10120 | IceCv    | Noticed an ironbound frostheart
 10150 | IceCv    | Killed an ironbound frostheart
 10166 | IceCv    | Killed an ironbound frostheart
 10167 | IceCv    | Reached skill level 12 in Axes
 10187 | IceCv    | Received a gift from Okawaru
 10194 | IceCv    | Reached XP level 13. HP: 42/83 MP: 19/19
 10589 | D:11     | Found a staircase to the Lair.
 11473 | Lair:1   | Entered Level 1 of the Lair of Beasts
 12601 | Lair:2   | Received a gift from Okawaru
 13562 | Lair:3   | Received a gift from Okawaru
 13661 | Lair:3   | Identified the +1 falchion "Buvizxu" {freeze, rPois MP+9
                  | Dex-4}
 13871 | Lair:3   | Noticed Kirke
 13881 | Lair:3   | Killed Kirke
 13882 | Lair:3   | Reached skill level 13 in Axes
 14208 | Lair:3   | Found a staircase to the Snake Pit.
 14458 | Lair:3   | Gained mutation: Your large and strong wings let you fly.
                  | [Gargoyle growth]
 14458 | Lair:3   | Reached XP level 14. HP: 64/90 MP: 21/21
 14611 | Lair:3   | Received a gift from Okawaru
 14891 | Lair:3   | Found a staircase to the Swamp.
 15286 | Lair:4   | Reached skill level 10 in Invocations
 15840 | Lair:4   | Received a gift from Okawaru
 16246 | Lair:4   | Found a runed translucent door.
 17446 | Lair:5   | Entered Level 5 of the Lair of Beasts
 17581 | Lair:4   | Reached ****** piety under Okawaru
 17581 | Lair:4   | Received a gift from Okawaru
 17893 | Lair:5   | Found a staircase to the Slime Pits.
 17898 | Lair:5   | Reached skill level 14 in Axes
 18045 | Lair:5   | Noticed a dire elephant
 18045 | Lair:5   | Noticed a dire elephant
 18051 | Lair:5   | Noticed a dire elephant
 18078 | Lair:5   | Killed a dire elephant
 18090 | Lair:5   | Acquired a +2 broad axe of freezing
 18090 | Lair:5   | Received a gift from Okawaru
 18096 | Lair:5   | Acquired the +2 plate armour of Daib {Regen+ Slay+2}
 18096 | Lair:5   | Received a gift from Okawaru
 18168 | Lair:5   | Noticed a dire elephant
 18181 | Lair:5   | Killed a dire elephant
 18182 | Lair:5   | Reached XP level 15. HP: 97/97 MP: 23/23
 18188 | Lair:5   | Received a gift from Okawaru
 18341 | Lair:5   | Reached skill level 10 in Throwing
 18461 | Lair:5   | Got Kikubaaqudgha's Annotations on Evil
 18696 | Lair:5   | Identified the +3 leather armour of Boredom {rC+ Will-
                  | Int+6}
 18836 | Lair:5   | Received a gift from Okawaru
 19292 | Orc:1    | Entered Level 1 of the Orcish Mines
 19742 | Orc:2    | Entered Level 2 of the Orcish Mines
 19746 | Orc:2    | Found Aronedwa's Jewellery Shoppe.
 19763 | Orc:1    | Noticed Sonja
 19771 | Abyss:1  | Cast into level 1 of the Abyss (Sonja)
 19776 | Abyss:1  | Found a corrupted altar of Lugonu.
 19801 | Abyss:1  | Noticed a tentacled starspawn
 19804 | Abyss:1  | Found an ancient bone altar of Kikubaaqudgha.
 19811 | Abyss:1  | Killed a tentacled starspawn
 19823 | Orc:1    | Escaped the Abyss
 19827 | Orc:1    | Killed Sonja
 19958 | Orc:2    | Found a staircase to the Elven Halls.
 20016 | Orc:2    | Received a gift from Okawaru
 20511 | Orc:2    | Found Ashagid's Book Emporium.
 20554 | Orc:2    | Paralysed by an orc sorcerer for 3 turns
 20646 | Orc:2    | Found Omiunni's Distillery.
 20651 | Orc:2    | Found Kimirivy's Jewellery Boutique.
 20656 | Orc:2    | Bought a ring of willpower for 325 gold pieces
 20660 | Orc:2    | Found Keasoat's Book Emporium.
 20666 | Orc:2    | Bought a potion of might for 56 gold pieces
 20666 | Orc:2    | Bought a potion of heal wounds for 70 gold pieces
 21048 | D:12     | Received a gift from Okawaru
 21139 | D:12     | Found Nyarch Boeb's Armour Shoppe.
 21352 | D:12     | Reached skill level 15 in Axes
 21376 | D:12     | Reached skill level 10 in Shields
 21384 | D:12     | Reached XP level 16. HP: 104/104 MP: 24/24
 21513 | D:12     | Received a gift from Okawaru
 21689 | D:12     | Annihilated by a titanic slime creature

Illustrated notes

Levels and vault maps discovered:
D:1:      doesnt_arrival_eight_statues, layout_basic, basic_ecumenical_altar,
          serial_corexii_hall, corexii_hall_statues_x,
          chequers_hall_statues_wall_a, minmay_worlds_worst_comb
D:2:      layout_basic, minmay_unequal, uniq_jessica
D:3:      layout_basic, mainiacjoe_overflow_boulevard
D:4:      layout_rooms, worldfamousw_hep_ancestral_shrine,
          nzn_wu_jian_contemplation, minmay_temple_entry_fiery, serial_shops,
          shop_fountains, amcnicky_mini_pool_small
D:5:      layout_loops_cross
D:6:      layout_rooms, mainiacjoe_overflow_catch_the_wave
D:7:      wad_river_or_something, layout_basic,
          nicolae_ossuary_entry_false_entrances, minmay_the_grid_2x2
          [minmay_the_grid_holed_spiral, minmay_the_grid_paths,
          minmay_the_grid_expand, minmay_the_grid_prize_four_corners_diamond_a],
          uniq_menkaure
D:8:      layout_basic, minmay_misc_feat_x
D:9:      gammafunk_sealed_arena, layout_layer_cave, serial_shops,
          nicolae_square_shop, uniq_maurice, uniq_erica, uniq_amaemon
D:10:     layout_loops_ring, lemuel_coloured_pillars_altar, uniq_nergalle,
          uniq_maggie
D:11:     minmay_razor_zed, layout_loops_corners, lair_entry_dummy,
          portal_ice_cave_entry_pillars_1, nicolae_dithmenos_shadow_blocks
D:12:     minmay_quarter_circles, layout_irregular_city, serial_shops, shop
Temple:   nicolae_temple_superstar
Lair:1:   layout_misc_corridors
Lair:2:   layout_layer_cave, st_stairs_8
Lair:3:   layout_cave_pods, nicolae_swamp_entry_splash_gauntlet,
          guppyfry_snake_entry_garden, uniq_kirke
Lair:4:   dreamdust_labyrinth, layout_regular_city,
          chequers_serial_rivers_micro_c
Lair:5:   due_jungle_book, layout_big_grid, nicolae_slime_entry_field_trip,
          grunt_megastairs_5
Orc:1:    layout_caves, uniq_sonja
Orc:2:    st_orc_elflike, layout_diamond_mine, serial_shops,
          nicolae_shop_gaudy_bauble, basic_altar, nicolae_orc_rich_vein

Skill      XL: |  1  2  3  4  5  6  7  8  9 10 11 12 13 14 15 |
---------------+----------------------------------------------+-----
Axes           | 2 3 4 5 6 8 9 10 12 13 14 15 | 15.1
Armour         | 4 5 6 7 8 9 10 11 12 13 | 13.1
Fighting       | 4 5 6 7 8 9 10 11 12 13 | 13.4
Shields        | 4 5 6 7 8 10 | 10.1
Invocations    | 2 4 6 7 8 9 10 11 | 11.7
Throwing       | 2 4 5 7 9 11 | 11.4

Action                     |  1- 3 |  4- 6 |  7- 9 | 10-12 | 13-15 | 16-18 || total
---------------------------+-------+-------+-------+-------+-------+-------++-------
  Melee: War axe           |    69 |   146 |   390 |   624 |   840 |       ||  2069
         Scimitar          |       |       |       |       |     4 |       ||     4
         Broad axe         |       |       |       |       |   426 |    46 ||   472
  Throw: Dart              |       |     6 |     2 |     5 |     2 |       ||    15
         Boomerang         |       |       |       |     2 |    40 |       ||    42
         Javelin           |       |       |       |     1 |     4 |       ||     5
 Invoke: Heroism           |       |       |     1 |     9 |    15 |       ||    25
         Finesse           |       |       |       |     2 |       |       ||     2
         Receive Weapon    |       |       |       |       |     1 |       ||     1
         Receive Armour    |       |       |       |       |     1 |       ||     1
    Use: Scroll            |       |     3 |     3 |     6 |    15 |       ||    27
         Potion            |       |       |       |     1 |     2 |       ||     3
   Stab: Invisible         |       |       |       |     1 |       |       ||     1
         Distracted        |       |       |       |     1 |       |       ||     1
 Armour: Scale mail        |    49 |    22 |       |       |       |       ||    71
         Chain mail        |       |    84 |   223 |   387 |    51 |       ||   745
         Plate armour      |       |       |       |       |   636 |    15 ||   651
  Dodge: Dodged            |    46 |    48 |   120 |   152 |   153 |     3 ||   522
  Block: Buckler           |    20 |    55 |   191 |   289 |       |       ||   555
         Reflection        |       |     3 |     4 |     6 |    17 |     4 ||    34
         Tower shield      |       |       |       |    56 |  1560 |    56 ||  1672
